 Dungeon Crawl Stone Soup version 0.19.5 (webtiles) character file.

126 Goboxel the Slasher (level 4, -3/33 HPs)
             Began as a High Elf Monk on Apr 3, 2017.
             Slain by an orc
             ... wielding a +0 trident
              (7 damage)
             ... on level 3 of the Dungeon.
             The game lasted 00:07:43 (3768 turns).

Goboxel the Slasher (High Elf Monk)                 Turns: 3768, Time: 00:07:45

Health: -3/33      AC:  3    Str: 10    XL:     4   Next: 83%
Magic:  5/5        EV: 15    Int: 14    God:
Gold:   208        SH:  0    Dex: 20    Spells: 0 memorised, 3 levels left

rFire  . . .     SeeInvis .     a - +0 falchion
rCold  . . .     Gourm    .     b - +0 robe
rNeg   + . .     Faith    .     (no shield)
rPois  .         Spirit   .     (no helmet)
rElec  .         Reflect  .     (no cloak)
rCorr  .         Harm     .     t - +0 pair of gloves
MR     .....                    (no boots)
Stlth  ++........               (no amulet)
                                k - +2 ring of dexterity
                                g - ring of positive energy

@: flying
A: no striking features
a: no special abilities


You were on level 3 of the Dungeon.
You were very hungry.

You visited 1 branch of the dungeon, and saw 4 of its levels.

You collected 208 gold pieces.

Inventory:

Hand Weapons
 a - a +0 falchion (weapon)
 o - a +0 dagger of speed
Armour
 b - a +0 robe (worn)
 t - a +0 pair of gloves (worn)
Jewellery
 g - a ring of positive energy (left hand)
 j - an uncursed ring of wizardry
 k - a +2 ring of dexterity (right hand)
Scrolls
 d - 2 scrolls of identify {unknown}
 e - 2 scrolls of fog {unknown}
 f - 2 scrolls of remove curse {unknown}
 h - 4 scrolls of magic mapping {unknown}
 l - a scroll of recharging {unknown}
 n - a scroll of enchant weapon {unknown}
 q - a scroll of blinking {unknown}
 r - 2 scrolls of enchant armour {unknown}
Potions
 m - a potion of cure mutation
Comestibles
 c - a bread ration
 i - 3 meat rations
 s - a beef jerky


   Skills:
 + Level 4.2 Fighting
 * Level 4.9 Long Blades
 + Level 4.1 Dodging
 - Level 2.1 Stealth


You had 3 spell levels left.
You didn't know any spells.

Dungeon Overview and Level Annotations

Branches:
Dungeon (4/15)
 Temple: D:4-7

Altars:
Makhleb
Qazlal
Sif Muna
Xom
Zin

Annotations:
D:3 Goboxel's ghost, amateur HEMo


Message History

The magic dart hits you!
You slash the orc priest!
The orc priest is heavily wounded.
The orc priest mumbles some strange prayers to Beogh against you.
Beogh smites you!
* * * LOW HITPOINT WARNING * * *
You hit the orc priest.
The orc priest is severely wounded.
The orc priest misses you. The orc closely misses you.
It was a potion of cure mutation.
It has a very clean taste.
The orc hits you from afar with a trident.
* * * LOW HITPOINT WARNING * * *
The orc priest hits you with a flail.
* * * LOW HITPOINT WARNING * * *
The orc wizard miscasts a cantrip.
It was a potion of flight.
You feel very buoyant.
You fly up into the air.
The orc hits you from afar with a trident!
You die...

≈........#...## #.#
≈#.##.#.......####..#
#####.##...........#
# # #.####).#.....##
#.# #.#.........#.#
..#
#...##..##..#.###)##
... #...###W#......#
#.. #.#.# #.#......#
#.#.# #.@.oo...#
#...# ##.o.....#
..### ##..>)..# .
#......# #..#####
#.####.#######
#.............
###......o....
#.##..oo....


You could see an orc priest, an orc wizard, Goboxel's ghost and an orc.

Vanquished Creatures
  An orc priest (D:3)
  2 adders (D:2)
  6 dart slugs
  4 leopard geckos
  5 orcs
  A ball python (D:3)
  4 giant cockroaches
  5 goblins
  5 hobgoblins
  6 jackals
  5 bats
  5 frilled lizards
  2 kobolds (D:2)
  A quokka skeleton (D:4)
  4 rats
56 creatures vanquished.

Notes
Turn   | Place    | Note
-------+----------+-------------------------------------------
     0 | D:1      | Goboxel the High Elf Monk began the quest for the Orb.
     0 | D:1      | Reached XP level 1. HP: 16/16 MP: 2/2
   289 | D:1      | Reached XP level 2. HP: 21/21 MP: 3/3
   979 | D:2      | Reached XP level 3. HP: 21/26 MP: 4/4
  1259 | D:2      | Found a deep blue altar of Sif Muna.
  1291 | D:2      | Found a glowing silver altar of Zin.
  2733 | D:2      | Found a burning altar of Makhleb.
  2735 | D:2      | Found a shimmering altar of Xom.
  2739 | D:2      | Reached XP level 4. HP: 29/33 MP: 5/5
  3133 | D:3      | Found a stormy altar of Qazlal.
  3469 | D:3      | Noticed Goboxel's ghost (amateur HEMo)
  3768 | D:3      | Slain by an orc

Skill      XL: |  1  2  3  4 |
---------------+-------------+-----
Long Blades    | 4 |  4.9
Dodging        | 4 |  4.1
Fighting       | 4 |  4.2
Stealth        | |  2.1

Action                   |  1- 3 |  4- 6 || total
-------------------------+-------+-------++-------
Melee: Falchion          |   129 |    58 ||   187
       Dagger            |    22 |       ||    22
  Use: Potion            |       |     2 ||     2
 Stab: Sleeping          |     6 |       ||     6
  Eat: Chunk             |     6 |     2 ||     8
Armor: Robe              |    15 |     2 ||    17
Dodge: Dodged            |   106 |    39 ||   145
       Rpst.: Falchion   |    36 |    13 ||    49
